 Dungeon Crawl Stone Soup version 0.26-a0-690-gcb57259078 (webtiles) character file.

Game seed: 9829393668089476352

599 lunkers the Chiller (level 7, 0/55 HPs)
             Began as a Naga Ice Elementalist on Oct 23, 2020.
             Was a Believer of Vehumet.
             Slain by an ice beast (13 damage)
             ... on level 4 of the Dungeon.
             The game lasted 00:08:28 (4479 turns).

lunkers the Chiller (Naga Ice Elementalist)         Turns: 4479, Time: 00:08:29

Health: 0/55       AC: 12    Str:  7 (10) XL:     7   Next: 41%
Magic:  13/13      EV: 10    Int: 17 (18) God:    Vehumet [**....]
Gold:   207        SH:  0    Dex:  9 (11) Spells: 3/14 levels left

rFire    . . .     SeeInvis +   s - +0 short sword
rCold    . . .     Faith    .   (no shield)
rNeg     . . .     Spirit   .   a - +0 robe
rPois    +         Reflect  .   (no helmet)
rElec    .         Harm     .   d - +0 cloak
rCorr    .         Rampage  .   n - +0 pair of gloves
MR       .....                  (no barding)
Stlth    +++.......             (no amulet)
HPRegen  0.18/turn              h - ring of stealth
MPRegen  0.13/turn              (no ring)

@: icy armour, hasted (expiring), quick
A: large, see invisible, deformed body, poison resistance, slowness 2, spit
poison 1, AC +2
a: Spit Poison, Renounce Religion


You were on level 4 of the Dungeon.
You worshipped Vehumet.
Vehumet was pleased with you.
You visited 1 branch of the dungeon, and saw 4 of its levels.
You also visited: Sewer.

You collected 207 gold pieces.

Inventory:

Hand Weapons
 s - a +0 short sword (weapon)
Armour
 a - a +0 robe (worn)
 d - a +0 cloak (worn)
 n - a +0 pair of gloves (worn)
Magical Staves
 r - an uncursed staff of cold
Jewellery
 h - a ring of stealth (left hand)
Wands
 m - a wand of iceblast (9)
Scrolls
 f - a scroll of immolation {unknown}
 g - 2 scrolls of remove curse {unknown}
 k - 2 scrolls of identify {unknown}
 l - a scroll of random uselessness {unknown}
 o - 3 scrolls of fear {unknown}
 p - 4 scrolls of teleportation {unknown}
 q - a scroll of enchant weapon {unknown}
Potions
 b - a potion of haste
 c - 2 potions of heal wounds
 e - 2 potions of curing


   Skills:
 - Level 1.5 Dodging
 - Level 3.0 Stealth
 + Level 4.4 Spellcasting
 * Level 7.5 Ice Magic


You had 3 spell levels left.
You knew the following spells:

 Your Spells              Type           Power        Failure   Level
a - Freeze                Ice            ####         1%          1
b - Frozen Ramparts       Ice            ####..       1%          3
c - Ozocubu's Armour      Ice            ####....     1%          3
d - Summon Ice Beast      Ice/Summ       ###.....     32%         4

Your spell library contained the following spells:

 Spells                   Type           Power        Failure   Level
 Shock                    Conj/Air       #...         16%         1
 Hailstorm                Conj/Ice       ###.....     32%         4


Dungeon Overview and Level Annotations

Branches:
Dungeon (4/15)              Sewer (visited)
 Temple: D:4-7

Altars:
Fedhas
Ru
Vehumet


Innate Abilities, Weirdness & Mutations

You cannot wear boots.
Your serpentine skin is tough. (AC +2)
You have supernaturally acute eyesight. (SInv)
Armour fits poorly on your strangely shaped body.
Your system is resistant to poisons. (rPois)
You cover ground very slowly.
You can spit poison.


Message History

You hit the ice beast but do no damage.
The ice beast is almost dead.
Your extra speed is starting to run out.
You hit the ice beast but do no damage.
The ice beast is almost dead.
The ice beast hits you but does no damage.
You closely miss the ice beast.
The ice beast is almost dead.
The ice beast hits you but does no damage.
You hit the ice beast but do no damage.
The ice beast is almost dead.
The ice beast closely misses you.
You closely miss the ice beast.
The ice beast is almost dead.
You hit the ice beast but do no damage.
The ice beast is almost dead.
The ice beast hits you.
* * * LOW HITPOINT WARNING * * *
The ice beast freezes you!
You die...

#..≈≈≈..#..##........#......
#..≈≈≈≈.....#...............
#..≈≈..≈....................
#..≈≈≈≈.......#.............
#.≈.≈≈≈##....#....#.###.#..
#.≈≈≈≈.##....#...#### .#
#≈≈.≈..##.........## #
#≈≈≈.≈≈#...##......#
#≈≈≈≈≈≈##.@Y#...#.....
##≈≈≈≈≈##..#..###.....
≈≈≈≈≈≈#.....## #....
≈≈≈≈≈≈.#..##.####..##.
≈≈≈.≈............#
≈≈≈...##.......###
#≈...####.#.#..#
#....##...####..#
...........# #.#


You could see an ice beast.

Vanquished Creatures
  4 big kobolds (Sewer)
  2 hounds (D:4)
  A worker ant (D:4)
  6 adders
  3 gnolls
  3 river rats (Sewer)
  5 oozes
  7 worms
  2 dart slugs
  5 leopard geckos
  2 orcs
  3 giant cockroaches
  6 goblins
  6 hobgoblins
  12 jackals
  2 quokkas
  7 ball pythons
  5 bats
  5 frilled lizards
  9 kobolds
  8 rats
103 creatures vanquished.

Notes
Turn   | Place    | Note
-------+----------+-------------------------------------------
     0 | D:1      | lunkers the Naga Ice Elementalist began the quest for the
                  | Orb.
     0 | D:1      | Reached XP level 1. HP: 15/15 MP: 3/3
   388 | D:1      | Reached XP level 2. HP: 21/22 MP: 0/5
   952 | D:2      | Reached XP level 3. HP: 26/28 MP: 3/6
   961 | D:2      | Learned a level 3 spell: Frozen Ramparts
  1012 | D:2      | Found a radiant altar of Vehumet.
  1014 | D:2      | Found a blossoming altar of Fedhas.
  1018 | D:2      | Became a worshipper of Vehumet
  1801 | D:2      | Reached skill level 5 in Ice Magic
  1989 | D:3      | Found a glowing drain.
  1993 | D:3      | Reached XP level 4. HP: 31/36 MP: 4/8
  2076 | Sewer    | Entered a sewer
  2278 | Sewer    | Noticed a big kobold
  2289 | Sewer    | Killed a big kobold
  2289 | Sewer    | Reached XP level 5. HP: 23/42 MP: 0/9
  2426 | Sewer    | Noticed a big kobold
  2437 | Sewer    | Killed a big kobold
  2437 | Sewer    | Reached skill level 6 in Ice Magic
  2541 | Sewer    | Noticed a big kobold
  2548 | Sewer    | Reached XP level 6. HP: 39/49 MP: 7/11
  2804 | Sewer    | Reached * piety under Vehumet
  2804 | Sewer    | Offered knowledge of Magic Dart by Vehumet.
  3196 | Sewer    | Reached skill level 7 in Ice Magic
  3367 | D:3      | Found a sacrificial altar of Ru.
  3414 | D:3      | Reached XP level 7. HP: 34/55 MP: 4/13
  3801 | D:3      | Reached ** piety under Vehumet
  3801 | D:3      | Offered knowledge of Shock by Vehumet.
  4303 | D:4      | Learned a level 3 spell: Ozocubu's Armour
  4308 | D:4      | Learned a level 4 spell: Summon Ice Beast
  4479 | D:4      | Slain by an ice beast

Illustrated notes

Levels and vault maps discovered:
D:1:      minmay_arrival_three_doors, layout_rooms
D:2:      layout_basic, chequers_temple_overflow_statue_of_worship, hex_tiny
D:3:      layout_loops_ring, lemuel_doored_altar, portal_sewer_entry_f,
          minmay_bisected
D:4:      layout_cave_pools, chequers_serial_rivers_large_a

Skill      XL: |  1  2  3  4  5  6 |
---------------+-------------------+-----
Ice Magic      | 5 6 7 |  7.5
Spellcasting   | 3 4 |  4.4
Dodging        | |  1.5
Stealth        | |  3.0

Action                   |  1- 3 |  4- 6 |  7- 9 || total
-------------------------+-------+-------+-------++-------
Melee: Unarmed           |     9 |     5 |       ||    14
       Short sword       |       |       |    47 ||    47
 Cast: Freeze            |    49 |    60 |    47 ||   156
       Frozen Ramparts   |       |    12 |     1 ||    13
       Ozocubu's Armour  |       |       |     1 ||     1
 Abil: Spit Poison       |     2 |     2 |     1 ||     5
  Use: Potion            |       |       |     6 ||     6
Armor: Robe              |    16 |    14 |    49 ||    79
Dodge: Dodged            |    35 |    34 |    64 ||   133

Table legend: (Time is in decaauts)
 A = Elapsed time spent in this place.
 B = Non-inter-level travel time spent in this place.
 C = Inter-level travel time spent in this place.
 D = Time resting spent in this place.
 E = Time spent auto-exploring this place.
 F = Levels seen in this place.
 G = Mean time per level.
                   A        B        C        D        E       F      G
               +--------+--------+--------+--------+--------+-----+--------+
         Total |   5551 |   5355 |    196 |    215 |   4212 |   5 | 1110.2 |
       Dungeon |   3936 |   3740 |    196 |    174 |   2972 |   4 |  984.0 |
         Sewer |   1614 |   1614 |      0 |     41 |   1239 |   1 | 1614.0 |
               +--------+--------+--------+--------+--------+-----+--------+

Top non-repeatable levels by time:
   Sewer: 1614 daAuts
     D:2: 1477 daAuts
     D:3: 1155 daAuts
     D:1: 1051 daAuts
     D:4: 252 daAuts
